 Dungeon Crawl Stone Soup version 0.31-a0-188-g5e087ee2ca (webtiles) character file.

Game seed: 15173498598717505587

27197 Gargoyl the Cleaver (level 13, -1/93 HPs)
             Began as a Gargoyle Berserker on June 23, 2023.
             Was an Elder of Trog.
             Slain by a six-headed hydra (11 damage)
             ... on level 3 of the Lair of Beasts.
             The game lasted 00:20:22 (12810 turns).

Gargoyl the Cleaver (Gargoyle Berserker)           Turns: 12810, Time: 00:20:22

Health: -1/93      AC: 22    Str: 34    XL:     13   Next: 30%
Magic:  13/13      EV: 14    Int: 10    God:    Trog [****..]
Gold:   837        SH:  5    Dex: 11    Spells: 12/12 levels left

rFire   . . .        H - +1 flail (venom)
rCold   . . .        (no shield)
rNeg    + . .        n - +0 leather armour of Curiosity {Str+4 Int+2}
rPois   ∞            G - +1 helmet
rElec   +            d - +2 cloak
rCorr   .            b - +2 pair of gloves
SInv    .            (no boots)
Will    +++..        o - amulet of reflection
Stlth   +++          l - ring of willpower
HPRegen 1.35/turn    D - +6 ring of strength
MPRegen 0.13/turn

%: reflection
@: strong-willed, regenerating
A: sickness immunity, AC +9, negative energy resistance 1, electricity
resistance, torment resistance 1, petrification resistance, robust 1, inability
to read after injury 1
a: Renounce Religion, Berserk, Trog's Hand, Brothers in Arms


You were on level 3 of the Lair of Beasts.
You worshipped Trog.
Trog was greatly pleased with you.
You visited 2 branches of the dungeon, and saw 14 of its levels.

You collected 837 gold pieces.

Inventory:

Hand Weapons
 e - a +3 hand axe of electrocution
 v - a +3 hand axe of venom
 y - a +3 scimitar of freezing
 H - a +1 flail of venom (weapon)
Missiles
 m - a throwing net (quivered)
Armour
 b - a +2 pair of gloves (worn)
 d - a +2 cloak (worn)
 n - the +0 leather armour of Curiosity (worn) {Str+4 Int+2}
   (You found it on level 3 of the Dungeon)

   Str:       It affects your strength (+4).
   Int:       It affects your intelligence (+2).
 G - a +1 helmet (worn)
Jewellery
 h - a ring of ice
 j - a +6 ring of intelligence
 k - an amulet of regeneration
 l - a ring of willpower (left hand)
 o - an amulet of reflection (around neck)
 w - a +5 ring of evasion
 z - a ring of protection from fire
 D - a +6 ring of strength (right hand)
 F - a +6 ring of intelligence
 N - the ring "Epimubiv" {rN+ Int+2 Dex+6 Stlth+}
   (You found it on level 3 of the Lair of Beasts)

   [ring of dexterity]

   Int:       It affects your intelligence (+2).
   Dex:       It affects your dexterity (+6).
   rN:        It protects you from negative energy.
   Stlth:     It makes you more stealthy.
Wands
 p - a wand of roots (5)
 s - a wand of mindburst (4)
 t - a wand of charming (9)
 x - a wand of light (7)
 A - a wand of polymorph (12)
 L - a wand of flame (15)
Scrolls
 a - 3 scrolls of identify
 f - 8 scrolls of teleportation
 g - 4 scrolls of revelation
 i - 5 scrolls of poison
 q - 3 scrolls of fog
 C - a scroll of blinking
 M - a scroll of enchant weapon
Potions
 c - 4 potions of cancellation
 r - 4 potions of lignification
 u - 4 potions of enlightenment
 B - a potion of resistance
 E - a potion of mutation
 I - a potion of curing
 J - 2 potions of invisibility {unknown}
 K - a potion of ambrosia {unknown}


   Skills:
 + Level 11.9 Fighting
 + Level 13.8 Axes
 + Level 0.6(9.7) Maces & Flails
 + Level 1.3 Throwing
 + Level 6.3 Armour
 + Level 7.6 Dodging
 + Level 7.6 Stealth
 + Level 4.8 Shields


You had 12 spell levels left.
You didn't know any spells.
Your spell library was empty.

Dungeon Overview and Level Annotations

Branches:
Dungeon (10/15)            Temple (0/1) D:4            Lair (4/5) D:10
  Swamp (0/4) Lair:3        Snake (0/4) Lair:3          Orc (0/2) D:10
  Slime: Lair:4-5

Altars:
Makhleb
Okawaru
Ru
Trog
Zin


Innate Abilities, Weirdness & Mutations

You are immune to sickness and miasma.
Your stone body is resilient. (AC +9)
You are immune to poison.
You resist negative energy. (rN+)
You are resistant to electric shocks. (rElec)
You are resistant to unholy torment.
You are immune to petrification.
You are robust. (+10% HP)
You occasionally lose the ability to read scrolls when taking damage.


Message History

* * * LOW HITPOINT WARNING * * *
You block the six-headed hydra's attack.
Your skin crawls.
You feel strong-willed. The six-headed hydra bites you.
* * * LOW HITPOINT WARNING * * *
The six-headed hydra closely misses you.
You block the six-headed hydra's attack.
The six-headed hydra bites you but does no damage. x2
You block the six-headed hydra's attack.
You bludgeon the six-headed hydra!!
The six-headed hydra looks as sick as possible!
The six-headed hydra is severely wounded.
The six-headed hydra bites you but does no damage. x4
The six-headed hydra closely misses you.
The six-headed hydra bites you but does no damage.
Unknown command.
You hit the six-headed hydra.
The six-headed hydra is severely wounded.
The six-headed hydra bites you.
* * * LOW HITPOINT WARNING * * *
The six-headed hydra closely misses you.
The six-headed hydra misses you. x2
The six-headed hydra closely misses you.
The six-headed hydra bites you but does no damage.
You sock the six-headed hydra!
The six-headed hydra is almost dead.
The six-headed hydra closely misses you.
The six-headed hydra bites you.
* * * LOW HITPOINT WARNING * * *
The six-headed hydra bites you!
* * * LOW HITPOINT WARNING * * *
The six-headed hydra bites you but does no damage.
The six-headed hydra closely misses you.
The six-headed hydra bites you but does no damage.
You feel better.
The six-headed hydra bites you but does no damage. x2
The six-headed hydra closely misses you.
The six-headed hydra bites you!
You die...

###.†..............#...
#...........+P....###..
##...........#....####.
##.....♣..........###.
#...♣.♣..♣♣♣♣.♣.♣♣♣..
#..♣♣♣.♣.♣>*♣♣♣♣♣*♣#.
#..♣.♣♣♣♣♣~~*,,*,,*♣.
##!...≈♣.♣♣~~,,,,,,*♣.
#P...@D~..♣*~,,~,,,,♣#
##..♣†w~...♣*,~~~*,,*#
#..♣~~~~..♣**~~~*,,*#
#..♣~≈≈~♣.♣**~~~,,*♣♣
*#..♣~≈~≈♣§§§*~~~,,♣♣.
**...♣≈≈~≈♣,,.,,~~,♣♣..
*....♣≈≈≈♣♣***,,~♣♣♣...
***,,♣♣♣♣♣,***♣♣♣♣.....
*,,,,,*,,,*.♣........


You could see a six-headed hydra (extremely poisoned) and a swamp worm.

Vanquished Creatures
  2 hydras (Lair:3)
  A two-headed ogre (D:9)
  2 boulder beetles
  A skyshark (Lair:3)
  3 elephants (Lair:3)
  A gargoyle (D:10)
  8 cane toads
  2 rime drakes (Lair:3)
  12 komodo dragons
  2 trolls
  12 blink frogs (Lair:3)
  Grinder (D:5)
  A shadow (D:9)
  A wyvern (Lair:3)
  24 yaks
  2 basilisks
  3 wraiths
  3 steam dragons
  A swamp worm (Lair:3)
  6 nagas (Lair:3)
  13 water moccasins
  4 black bears
  4 orc warriors
  2 ice beasts
  2 ogres
  4 sky beasts
  17 wolves
  7 centaurs
  11 bullfrogs
  3 gnoll sergeants
  A scorpion (D:4)
  16 wights
  4 killer bees (D:8)
  A howler monkey (D:8)
  2 jellies (D:6)
  8 orc priests
  8 hounds
  2 gnoll boudas
  Ijyb (D:4)
  4 iguanas
  8 orc wizards
  Terence (D:3)
  29 gnolls
  4 adders
  A white imp (D:6)
  A dart slug (D:4)
  32 orcs
  4 endoplasms
  A giant cockroach (D:4)
  7 hobgoblins
  7 jackals
  2 quokkas
  4 ball pythons
  4 bats
  2 frilled lizards (D:1)
  3 goblins
  4 kobolds
  6 rats
322 creatures vanquished.

Vanquished Creatures (collateral kills)
  A black bear (D:5)
1 creature vanquished.

Grand Total: 323 creatures vanquished

Notes
Turn   | Place    | Note
-------+----------+-------------------------------------------
     0 | D:1      | Gargoyl the Gargoyle Berserker began the quest for the Orb.
     0 | D:1      | Reached XP level 1. HP: 14/14 MP: 1/1
   360 | D:1      | Reached skill level 3 in Axes
   360 | D:1      | Reached XP level 2. HP: 19/19 MP: 2/2
   674 | D:2      | Reached XP level 3. HP: 24/24 MP: 3/3
   783 | D:2      | Reached ** piety under Trog
  1032 | D:2      | Reached XP level 4. HP: 15/29 MP: 4/4
  1265 | D:3      | Identified the +0 leather armour of Curiosity {Str+4 Int+2}
  1309 | D:3      | Reached skill level 4 in Axes
  1314 | D:3      | Reached skill level 1 in Stealth
  1314 | D:3      | Reached XP level 5. HP: 33/33 MP: 5/5
  1351 | D:3      | Noticed Terence
  1367 | D:3      | Killed Terence
  1685 | D:4      | You fall into a shaft and drop 1 floor!
  1685 | D:5      | Entered Level 5 of the Dungeon
  1801 | D:5      | Noticed a sky beast
  1802 | D:5      | Noticed Grinder
  1815 | D:4      | Killed a sky beast
  1816 | D:4      | Reached XP level 6. HP: 38/38 MP: 6/6
  1915 | D:4      | Reached skill level 5 in Axes
  1940 | D:4      | Noticed Ijyb
  1960 | D:4      | Killed Ijyb
  2221 | D:4      | Reached XP level 7. HP: 34/44 MP: 7/7
  2360 | D:4      | Found a staircase to the Ecumenical Temple.
  2680 | D:5      | Killed Grinder
  2681 | D:5      | Reached skill level 6 in Axes
  2742 | D:5      | Found a glowing silver altar of Zin.
  2742 | D:5      | Found a sacrificial altar of Ru.
  2760 | D:5      | Reached XP level 8. HP: 45/48 MP: 8/8
  2786 | D:5      | Found a burning altar of Makhleb.
  2798 | D:5      | Reached skill level 5 in Fighting
  2922 | D:5      | Reached skill level 7 in Axes
  3723 | D:6      | Reached skill level 8 in Axes
  3723 | D:6      | Reached XP level 9. HP: 56/56 MP: 9/9
  4692 | D:7      | Reached skill level 9 in Axes
  5295 | D:8      | Reached XP level 10. HP: 63/63 MP: 10/10
  5544 | D:8      | Reached skill level 5 in Dodging
  5947 | D:9      | Reached skill level 10 in Axes
  5947 | D:9      | Reached skill level 5 in Stealth
  5972 | D:9      | Noticed a boulder beetle
  6148 | D:8      | Killed a boulder beetle
  6211 | D:9      | Reached skill level 5 in Armour
  6367 | D:9      | Noticed a two-headed ogre
  6659 | D:9      | Killed a two-headed ogre
  6876 | D:9      | Reached XP level 11. HP: 67/69 MP: 11/11
  7259 | D:10     | Entered Level 10 of the Dungeon
  7326 | D:10     | Reached skill level 11 in Axes
  7390 | D:10     | Noticed a five-headed hydra
  7568 | D:10     | Found a bloodstained altar of Trog.
  7568 | D:10     | Found an iron altar of Okawaru.
  7779 | D:10     | Found a staircase to the Lair.
  7924 | D:10     | Reached *** piety under Trog
  8274 | D:10     | Found a staircase to the Orcish Mines.
  8333 | Lair:1   | Entered Level 1 of the Lair of Beasts
  8371 | Lair:1   | Gained mutation: You are robust. (+10% HP) [potion of
                  | mutation]
  8371 | Lair:1   | Gained mutation: You occasionally lose the ability to read
                  | scrolls when taking damage. [potion of mutation]
  8778 | Lair:1   | Reached skill level 1 in Shields
  9164 | Lair:1   | Reached skill level 10 in Fighting
  9164 | Lair:1   | Reached skill level 12 in Axes
  9568 | Lair:2   | Reached XP level 12. HP: 84/84 MP: 12/12
 10073 | Lair:2   | You fall into a shaft and drop 1 floor!
 10107 | Lair:3   | Reached **** piety under Trog
 10379 | Lair:2   | Noticed a boulder beetle
 10396 | Lair:2   | Killed a boulder beetle
 10397 | Lair:2   | Reached skill level 13 in Axes
 11028 | Lair:3   | Reached skill level 1 in Throwing
 11095 | Lair:3   | Reached XP level 13. HP: 67/92 MP: 13/13
 12293 | Lair:3   | Found a staircase to the Snake Pit.
 12360 | Lair:3   | Identified the ring "Epimubiv" {rN+ Int+2 Dex+6 Stlth+}
 12809 | Lair:3   | HP: 3/93 [six-headed hydra (11)]
 12810 | Lair:3   | Slain by a six-headed hydra

Illustrated notes

Levels and vault maps discovered:
D:1:      dpeg_arrival_connections, layout_basic
D:2:      layout_rooms, nicolae_titane
D:3:      layout_rooms, kennysheep_crisscross, uniq_terence
D:4:      layout_basic, minmay_temple_entry_waves, uniq_ijyb
D:5:      layout_rooms, mainiacjoe_overflow_cross_hatched,
          mainiacjoe_overflow_large_starburst, chequers_serial_rivers_marsh,
          uniq_grinder
D:6:      layout_basic, kennysheep_generic_room_11
D:7:      layout_loops_ring
D:8:      layout_rooms, kennysheep_nondescript
D:9:      layout_roguey, serial_bayou_lagoon_a, hangedman_decor_lopped
D:10:     layout_loops_ring, grunt_temple_overflow_bloody_war, lair_entry_dummy,
          hiddenorc1_lemuel, wad_dig_loot
Lair:1:   layout_loops_ring
Lair:2:   layout_cave_pods
Lair:3:   layout_chaotic_city, palyth_hydra_swamp_entry,
          minmay_snake_entry_guardpost_medium, nicolae_volcano_entry_lava_flow,
          grunt_megastairs_2
Lair:4:   layout_roguey

Skill      XL: |  1  2  3  4  5  6  7  8  9 10 11 12 |
---------------+-------------------------------------+-----
Axes           | 3 4 5 6 8 9 10 12 13 | 13.8
Armour         | 3 4 5 6 |  6.3
Stealth        | 1 2 4 5 6 7 |  7.6
Fighting       | 4 6 7 8 10 11 | 11.9
Dodging        | 2 3 4 5 6 7 |  7.6
Shields        | 1 4 |  4.8
Throwing       | 1 |  1.3
Maces & Flails | |  0.6

Action                     |  1- 3 |  4- 6 |  7- 9 | 10-12 | 13-15 || total
---------------------------+-------+-------+-------+-------+-------++-------
  Melee: Hand axe          |   112 |    97 |   317 |   560 |   101 ||  1187
         Punch             |     1 |     1 |     4 |     9 |     2 ||    17
         Flail             |       |       |       |       |    28 ||    28
  Throw: Throwing net      |       |     1 |       |     3 |       ||     4
 Invoke: Berserk           |     1 |     5 |     9 |    11 |     2 ||    28
         Trog's Hand       |       |     2 |     5 |    14 |     3 ||    24
    Use: Scroll            |     6 |     8 |     6 |     8 |       ||    28
         Potion            |       |       |       |     4 |     6 ||    10
   Stab: Sleeping          |       |       |     4 |     8 |     4 ||    16
         Distracted        |       |       |       |     1 |       ||     1
 Armour: Ice dragon scales |    83 |     2 |       |       |       ||    85
         Leather armour    |       |    37 |   171 |   261 |   111 ||   580
  Dodge: Dodged            |    63 |    54 |   200 |   353 |   125 ||   795
  Block: Other             |       |       |       |    66 |    48 ||   114
         Reflection        |       |       |       |     1 |     2 ||     3

Table legend: (Time is in decaauts)
 A = Elapsed time spent in this place.
 B = Non-inter-level travel time spent in this place.
 C = Inter-level travel time spent in this place.
 D = Time resting spent in this place.
 E = Time spent auto-exploring this place.
 F = Levels seen in this place.
 G = Mean time per level.
                   A        B        C        D        E       F      G
               +--------+--------+--------+--------+--------+-----+--------+
         Total |  12857 |  12279 |    578 |    257 |   9236 |  14 |  918.4 |
       Dungeon |   8630 |   8254 |    376 |    197 |   6201 |  10 |  863.0 |
          Lair |   4227 |   4025 |    202 |     60 |   3035 |   4 | 1056.8 |
               +--------+--------+--------+--------+--------+-----+--------+

Top non-repeatable levels by time:
  Lair:2: 1310 daAuts
     D:9: 1277 daAuts
    D:10: 1186 daAuts
  Lair:1: 1162 daAuts
  Lair:3: 1047 daAuts
     D:4: 1003 daAuts
     D:7: 997 daAuts
     D:6: 947 daAuts
     D:8: 906 daAuts
  Lair:4: 708 daAuts
     D:5: 690 daAuts
     D:2: 630 daAuts
     D:1: 599 daAuts
     D:3: 389 daAuts
